AoeStats
← Tetragamenon11

Golden Pit

510001863Analyzed
1v1 RM · 5d ago on Sep 29, 2026· 35m 42s· 2 players
Game mode
Random Map
Map size
Tiny (2 player)
Population
200
Speed
Normal
Resources
Standard
Victory
Conquest
Starting age
Dark Age
Ending age
Imperial Age
RankedLock teamsTeams togetherTeam positionsShared explorationLock speedFull tech treeHidden civsTurbo modeCheats
Victory
Defeat
🇲🇽 Spanish · Mexico
1343
+14
🇵🇪 Inca · Peru
1301
-14
Tetragamenon11
8:52 Loom
11:50 Feudal Age
12:26 Double-Bit Axe
12:23 Horse Collar
17:42 Castle Age
15:50 Champi Runner
17:00 Scale Mail Armor
18:07 Champi Warrior
21:01 Horse Collar
21:35 Bow Saw
22:44 Horse Collar
22:32 Elite Skirmisher
23:48 Fletching
26:39 Ballistics
28:42 Bodkin Arrow
34:36 Padded Archer Armor
fbcj84
11:21 Feudal Age
9:39 Loom
16:50 Castle Age
15:21 Double-Bit Axe
15:55 Stone Mining
22:06 Wheelbarrow
21:24 Gold Mining
33:25 Stone Shaft Mining
Connection lost

Rejoining the realm…

Still unreachable

The connection could not be restored.

Session expired

The server has moved on; the page needs a fresh start.